 Dungeon Crawl Stone Soup version 0.22.1-6-g1668fe2c40 (webtiles) character file.

48003 LabCoat the Severer (level 14, -4/125 HPs)
             Began as a Hill Orc Fighter on Jan 25, 2019.
             Was a High Priest of Trog.
             Slain by a catoblepas (12 damage)
             ... on level 6 of the Lair of Beasts.
             The game lasted 02:48:46 (22781 turns).

LabCoat the Severer (Hill Orc Fighter)             Turns: 22781, Time: 02:48:46

Health: -4/125     AC: 19    Str: 23    XL:     14   Next: 44%
Magic:  17/17      EV:  2    Int:  8    God:    Trog [*****.]
Gold:   537        SH:  0    Dex: 13    Spells: 13/13 levels left

rFire    x . .     SeeInvis .   P - +1 broad axe "Ogreslayer" {freeze, Dex+2}
rCold    + + .     Gourm    .   c - +1 shield
rNeg     + + +     Faith    .   C - +0 plate armour
rPois    ∞         Spirit   .   (no helmet)
rElec    +         Reflect  .   R - +1 cloak of Starlight {rElec rC+ EV+4 Stlth--}
rCorr    .         Harm     .   (no gloves)
MR       +++..                  k - +0 pair of boots
Stlth    ..........             j - amulet of rage
HPRegen  1.30/turn              a - ring of ice
MPRegen  0.15/turn              G - +4 ring of evasion

@: petrified, regenerating
A: no striking features
a: Berserk, Trog's Hand, Brothers in Arms, Renounce Religion, Evoke Berserk Rage


You were on level 6 of the Lair of Beasts.
You worshipped Trog.
Trog was extremely pleased with you.
You were not hungry.

You visited 4 branches of the dungeon, and saw 19 of its levels.

You collected 860 gold pieces.
You spent 323 gold pieces at shops.

Inventory:

Hand Weapons
 e - a +0 war axe of chopping
 o - a +0 hunting sling
 B - a +0 broad axe
 J - a +0 flail
 M - a +0 mace
 N - the +8 whip "Snakebite" {curare, rPois}
   (You found it on level 3 of the Lair of Beasts)

   It poisons the flesh of those it strikes.
   It protects you from poison.
 P - the +1 broad axe "Ogreslayer" (weapon) {freeze, Dex+2}
   (You found it on level 4 of the Lair of Beasts)

   It has been specially enchanted to freeze those struck by it, causing extra
   injury to most foes and up to half again as much damage against particularly
   susceptible opponents.
   It can also slow down cold-blooded creatures.
   It affects your dexterity (+2).
 T - a +2 shortbow of velocity
 U - a +0 triple crossbow
Missiles
 l - 4 poisoned javelins
 r - 9 tomahawks (quivered)
Armour
 c - a +1 shield (worn)
 k - a +0 pair of boots (worn)
 m - a scarf of spirit shield
 p - a +1 chain mail of cold resistance
 C - a +0 plate armour (worn)
 K - a +2 cloak
 R - the +1 cloak of Starlight (worn) {rElec rC+ EV+4 Stlth--}
   (You found it on level 5 of the Lair of Beasts)

   It affects your evasion (+4).
   It protects you from cold.
   It insulates you from electricity.
   It makes you much less stealthy.
Jewellery
 a - a ring of ice (left hand)
 b - an uncursed ring of positive energy
 j - an amulet of rage (around neck)
 G - a +4 ring of evasion (right hand)
Wands
 d - a wand of random effects (35)
 v - a wand of digging (18)
 L - a wand of flame (18)
 O - a wand of acid (7)
Scrolls
 i - a scroll of enchant weapon
 q - 3 scrolls of remove curse
 s - 6 scrolls of teleportation
 y - 4 scrolls of enchant armour
 z - a scroll of summoning
 D - a scroll of fog
 E - a scroll of identify
 S - a scroll of magic mapping
Potions
 g - 2 potions of might
 h - a potion of brilliance
 n - a potion of agility
 t - a potion of resistance
 w - 3 potions of flight
 A - a potion of ambrosia
 F - a potion of curing
 I - a potion of magic
Comestibles
 f - 25 rations


   Skills:
 + Level 11.8 Fighting
 - Level 17.9(18.6) Axes
 * Level 8.0(12.7) Maces & Flails
 + Level 4.3 Throwing
 + Level 11.4 Armour
 + Level 12.0 Shields
 * Level 4.9 Evocations


You had 13 spell levels left.
You didn't know any spells.
Your spell library contained the following spells:

 Spells                   Type           Power        Failure   Level  Hunger
 Animate Skeleton         Necr           N/A          100%        1    ##.....
 Apportation              Tloc           #.....       100%        1    ##.....
 Confusing Touch          Hex            #.....       100%        1    ##.....
 Infusion                 Chrm           #...         100%        1    ##.....
 Summon Small Mammal      Summ           #...         100%        1    ##.....
 Shroud of Golubria       Chrm/Tloc      #.........   100%        2    ###....
 Song of Slaying          Chrm           #.......     100%        2    ###....
 Confuse                  Hex            #.......     100%        3    ####...
 Gell's Gravitas          Tloc           #.........   100%        3    ####...
 Regeneration             Chrm/Necr      #.........   100%        3    ####...
 Spectral Weapon          Hex/Chrm       #.......     100%        3    ####...
 Leda's Liquefaction      Hex/Erth       #.........   100%        4    #####..
 Petrify                  Tmut/Erth      #.......     100%        4    #####..
 Bolt of Magma            Conj/Fire/Erth #.........   100%        5    ######.
 Metabolic Englaciation   Hex/Ice        #.........   100%        5    ######.
 Yara's Violent Unravell  Hex/Tmut       #.........   100%        5    ######.
 Iron Shot                Conj/Erth      #.........   100%        6    #######
 Statue Form              Tmut/Erth      #........    100%        6    #######
 Shatter                  Erth           #.........   100%        9    #######


Dungeon Overview and Level Annotations

Branches:
Dungeon (10/15)            Temple (0/1) D:7            Lair (6/6) D:10
  Swamp (1/4) Lair:3        Snake (0/4) Lair:4          Orc (2/2) D:9
  Slime: Lair:5-6       Elf: Orc:2

Altars:
Cheibriados
Trog
Beogh

Shops:
Orc:1 *

Annotations:
D:8 Maurice
Lair:2 exclusion: oklob plant
Lair:5 exclusion: oklob plant
Lair:6 exclusion: oklob plant


Message History

Aim: a catoblepas (severely wounded)
The puff of flame hits the catoblepas.
The catoblepas appears unharmed.
The catoblepas is severely wounded.
You are engulfed in calcifying dust.
You block the catoblepas's attack.
You fail to use your ability.
You are engulfed in calcifying dust.
You are slowing down.
The catoblepas breathes a plume of calcifying dust at you.
The blast of calcifying dust hits you!
You feel better.
You are engulfed in calcifying dust.
Your limbs have turned to stone.
You recover from your berserk rage.
The catoblepas gores you!
* * * LOW HITPOINT WARNING * * *
You have turned to stone.
The catoblepas gores you but does no damage.
The catoblepas breathes a plume of calcifying dust at you.
The blast of calcifying dust hits you!
* * * LOW HITPOINT WARNING * * *
You are engulfed in calcifying dust.
The catoblepas gores you!!
You die...

##...## ##..### ###.†##
#...## . # ##.†# ##...# . ###
##.###P..## .##
..####.......†## #..##
...##....P###.†## #....#
....#...### ##†.##.....#
##.....## #...Y.8.8..
.###.### ###@8....8.
..####### #§...8....
...###PP# #....8.....
#.....P# ####P...###
......### ##### .8......###
.....8....#######
..8.............########
.......8......#........######


You could see a catoblepas.

Vanquished Creatures
  An entropy weaver (Lair:6)
  3 hydras
  Fannar (D:9)
  A catoblepas (Lair:6)
  3 tengu warriors (D:10)
  4 death yaks (Lair:6)
  Urug (Orc:1)
  2 manticores (Lair:6)
  12 elephants
  A cyclops (D:9)
  11 black mambas
  Psyche (D:8)
  8 spiny frogs
  A gargoyle (D:10)
  2 komodo dragons
  The ghost of iVAG the Destroyer, a novice DrCj (D:6)
  3 rime drakes (Lair:6)
  2 tengu conjurers (D:9)
  3 trolls
  A polar bear (Lair:5)
  12 blink frogs
  2 bog bodies (Lair:3)
  6 hippogriffs
  Grum (D:8)
  A wyvern (Lair:3)
  54 yaks
  3 vampire mosquitoes (D:9)
  2 wargs (D:10)
  17 water moccasins
  4 nagas (Lair:4)
  10 soldier ants (Lair:6)
  A swamp worm (Lair:3)
  10 porcupines
  12 orc warriors
  A sky beast (D:6)
  5 black bears
  9 ogres
  A phantom (D:8)
  A necrophage (D:6)
  An ice beast (D:9)
  11 wolves
  6 crocodiles
  5 centaurs
  Blork the orc (D:5)
  8 bullfrogs
  A scorpion (D:9)
  3 electric eels
  A howler monkey (D:9)
  2 quasits (D:10)
  A bullfrog zombie (D:10)
  3 centaur zombies
  5 crimson imps
  4 jellies
  9 orc priests
  5 hounds
  14 orc wizards
  A centaur skeleton (D:7)
  Crazy Yiuf (D:7)
  A gnoll shaman (D:8)
  A bullfrog skeleton (D:4)
  2 iguanas
  14 worker ants
  Terence (D:2)
  A hound skeleton (D:4)
  A hound zombie (D:9)
  2 worker ant zombies (D:6)
  2 howler monkey zombies
  5 gnolls (D:8)
  A howler monkey skeleton (D:6)
  14 adders
  3 shadow imps
  2 adder skeletons
  2 worms
  4 dart slugs
  3 leopard geckos
  55 orcs
  12 giant cockroaches (D:2)
  5 goblins
  4 hobgoblins
  8 jackals
  6 quokkas
  6 ball pythons
  8 bats
  3 frilled lizards
  7 kobolds
  5 rats
  A butterfly (Lair:2)
  3 fungi
  4 plants
482 creatures vanquished.

Vanquished Creatures (others)
  A bullfrog skeleton (D:9)
  2 orc wizards
  A bush (Lair:3)
  8 plants
12 creatures vanquished.

Grand Total: 494 creatures vanquished

Notes
Turn   | Place    | Note
-------+----------+-------------------------------------------
     0 | D:1      | LabCoat the Hill Orc Fighter began the quest for the Orb.
     0 | D:1      | Reached XP level 1. HP: 19/19 MP: 1/1
   216 | D:1      | Reached XP level 2. HP: 27/27 MP: 2/2
   318 | D:1      | Reached skill level 3 in Axes
  1169 | D:2      | Reached XP level 3. HP: 27/33 MP: 3/3
  1291 | D:2      | Noticed Terence
  1302 | D:2      | Killed Terence
  1302 | D:2      | Reached skill level 4 in Axes
  1302 | D:2      | Reached XP level 4. HP: 40/40 MP: 4/4
  2314 | D:3      | Reached skill level 5 in Axes
  2314 | D:3      | Reached XP level 5. HP: 46/46 MP: 5/5
  2493 | D:3      | Noticed a centaur
  2505 | D:3      | Killed a centaur
  2505 | D:3      | Reached skill level 6 in Axes
  3145 | D:4      | Reached XP level 6. HP: 41/52 MP: 6/6
  3393 | D:4      | Reached skill level 7 in Axes
  3723 | D:4      | Reached XP level 7. HP: 60/60 MP: 7/7
  3822 | D:4      | Reached skill level 8 in Axes
  4002 | D:5      | Entered Level 5 of the Dungeon
  4061 | D:5      | Found a bloodstained altar of Trog.
  4067 | D:5      | Became a worshipper of Trog the Wrathful
  4300 | D:5      | Noticed Blork the orc
  4312 | D:5      | Killed Blork the orc
  4312 | D:5      | Reached skill level 9 in Axes
  4644 | D:5      | Reached XP level 8. HP: 67/67 MP: 8/8
  4873 | D:6      | Reached skill level 10 in Axes
  4873 | D:6      | Reached skill level 5 in Armour
  4873 | D:6      | Reached skill level 5 in Shields
  5067 | D:6      | Reached * piety under Trog
  5148 | D:6      | Reached skill level 5 in Fighting
  5440 | D:6      | Reached skill level 11 in Axes
  5703 | D:6      | Found a runed gate.
  5703 | D:6      | Found a runed gate.
  5704 | D:6      | Found a runed gate.
  5710 | D:6      | Noticed iVAG's ghost (novice DrCj)
  5760 | D:6      | Reached XP level 9. HP: 62/74 MP: 9/9
  6077 | D:6      | Killed iVAG's ghost
  6077 | D:6      | Reached skill level 12 in Axes
  6117 | D:7      | Reached ** piety under Trog
  6246 | D:7      | Found a staircase to the Ecumenical Temple.
  6692 | D:7      | Found a runed door.
  6696 | D:7      | Noticed Crazy Yiuf
  6700 | D:7      | Killed Crazy Yiuf
  7329 | D:8      | Reached skill level 13 in Axes
  7474 | D:8      | Noticed Grum
  7492 | D:8      | Killed Grum
  7925 | D:8      | Noticed Maurice
  7993 | D:8      | Reached XP level 10. HP: 72/84 MP: 10/10
  8491 | D:8      | Noticed Psyche
  8710 | D:8      | Reached skill level 1 in Throwing
  8972 | D:8      | Killed Psyche
  8972 | D:8      | Reached skill level 14 in Axes
  9091 | D:9      | Found a staircase to the Orcish Mines.
  9098 | Orc:1    | Entered Level 1 of the Orcish Mines
  9098 | Orc:1    | Noticed Fannar
  9098 | Orc:1    | Noticed a cyclops
  9132 | D:9      | Killed Fannar
  9495 | D:9      | Killed a cyclops
  9982 | Orc:1    | Reached *** piety under Trog
 10226 | Orc:1    | Noticed Urug
 10239 | Orc:1    | Reached skill level 15 in Axes
 10255 | Orc:1    | Killed Urug
 10279 | Orc:1    | Reached XP level 11. HP: 47/92 MP: 11/11
 10579 | Orc:1    | Found Zefy's Assorted Antiques.
 10584 | Orc:1    | Bought a scroll of identify for 68 gold pieces
 10584 | Orc:1    | Bought a scroll of enchant weapon for 255 gold pieces
 10834 | Orc:2    | Entered Level 2 of the Orcish Mines
 11097 | Orc:2    | Found a roughly hewn altar of Beogh.
 11111 | Orc:2    | Noticed an orc high priest
 11115 | Orc:2    | Noticed a sixfirhy
 11946 | D:9      | Reached **** piety under Trog
 11966 | D:9      | Reached skill level 16 in Axes
 12113 | D:9      | Found a snail-covered altar of Cheibriados.
 12779 | D:10     | Entered Level 10 of the Dungeon
 12824 | D:10     | Noticed a tengu warrior
 12824 | D:10     | Noticed a tengu warrior
 12832 | D:10     | Killed a tengu warrior
 12838 | D:10     | Killed a tengu warrior
 13411 | D:10     | Found a staircase to the Lair.
 13912 | D:10     | Noticed a tengu warrior
 13939 | D:10     | Killed a tengu warrior
 14100 | D:10     | Reached skill level 17 in Axes
 14100 | D:10     | Reached XP level 12. HP: 95/103 MP: 12/12
 14334 | Lair:1   | Entered Level 1 of the Lair of Beasts
 16259 | Lair:2   | Reached skill level 1 in Evocations
 17088 | Lair:3   | Found a staircase to the Swamp.
 17455 | Lair:3   | Reached skill level 10 in Shields
 17633 | Lair:3   | Reached skill level 10 in Armour
 17657 | Lair:3   | Found the +8 whip "Snakebite" {curare, rPois}
 17894 | Lair:3   | Noticed a six-headed hydra
 17996 | Lair:3   | Killed a six-headed hydra
 17996 | Lair:3   | Reached skill level 1 in Maces & Flails
 18190 | Lair:3   | Reached XP level 13. HP: 68/113 MP: 13/13
 18928 | Swamp:1  | Entered Level 1 of the Swamp
 19574 | Lair:4   | Got a pitted broad axe
 19575 | Lair:4   | Identified the cursed +1 broad axe "Ogreslayer" {freeze,
                  | Dex+2} (You found it on level 4 of the Lair of Beasts)
 19652 | Lair:4   | Reached skill level 10 in Fighting
 19693 | Lair:4   | Reached skill level 5 in Maces & Flails
 19762 | Lair:4   | Reached ***** piety under Trog
 19895 | Lair:4   | Found a staircase to the Snake Pit.
 20771 | Lair:5   | Found the +1 cloak of Starlight {rElec rC+ EV+4 Stlth--}
 21343 | Lair:5   | You fall through a shaft!
 21343 | Lair:6   | Entered Level 6 of the Lair of Beasts
 21379 | Lair:6   | Noticed an entropy weaver
 21398 | Lair:6   | Killed an entropy weaver
 21751 | Lair:6   | Reached XP level 14. HP: 124/124 MP: 16/16
 21875 | Lair:6   | Received a gift from Trog
 22772 | Lair:6   | HP: 2/125 [catoblepas (11)]
 22778 | Lair:6   | HP: 6/125 [catoblepas (8)]
 22781 | Lair:6   | Slain by a catoblepas

Skill      XL: |  1  2  3  4  5  6  7  8  9 10 11 12 13 14 |
---------------+-------------------------------------------+-----
Axes           | 3 4 5 6 7 9 11 13 15 17 | 17.9
Fighting       | 4 5 6 7 8 9 11 | 11.8
Shields        | 4 5 6 7 8 10 11 12 | 12.0
Armour         | 4 5 6 7 9 10 11 | 11.4
Throwing       | 2 3 4 |  4.3
Evocations     | 1 3 4 |  4.9
Maces & Flails | 1 6 8 |  8.0

Action                   |  1- 3 |  4- 6 |  7- 9 | 10-12 | 13-15 || total
-------------------------+-------+-------+-------+-------+-------++-------
Melee: War axe           |    85 |   163 |    25 |   474 |       ||   747
       Broad axe         |       |       |   485 |   382 |   515 ||  1382
       Flail             |       |       |       |    28 |   122 ||   150
Throw: Tomahawk          |       |       |    15 |    64 |    29 ||   108
       Throwing net      |       |       |       |     2 |       ||     2
Invok: Trog's Hand       |       |       |       |     6 |     4 ||    10
       Berserk           |       |       |       |     9 |     6 ||    15
 Abil: Evoke Berserk Rag |       |       |     1 |     1 |       ||     2
Evoke: Wand              |       |       |     2 |     7 |     3 ||    12
  Use: Scroll            |     5 |    10 |     8 |    11 |     6 ||    40
       Potion            |       |     2 |     8 |    11 |     6 ||    27
  Eat: Chunk             |     1 |     3 |     7 |    11 |    10 ||    32
       Ration            |       |     2 |     2 |    10 |     4 ||    18
Armor: Scale mail        |    43 |     1 |       |       |       ||    44
       Chain mail        |       |    84 |    40 |       |       ||   124
       Plate armour      |       |       |   147 |   314 |   204 ||   665
Dodge: Dodged            |    30 |    33 |    76 |   207 |   188 ||   534
Block: Shield            |    50 |    80 |   230 |   439 |   321 ||  1120
